cohdb
Replays
Latest Replays
All Replays
Popular Replays
Top Player Replays
Match Explorer
How It Works
Community
CoH3 Stats
Reddit
Sign in to upload your games and track your stats! →
Sign in with Steam
Match 38729552
Unlisted
Match 38729552
Overview
Messages
Build Orders
End
Kettenkrad Recon Vehicle
Construct Infanterie Kompanie
MG 42 Machine Gun Team
Construct Panzergrenadier Kompanie
Construct Panzer Kompanie
Selects Mechanized Battlegroup
Selects Mobile Repair Stations
Stoßtruppen Squad
Stoßtruppen Squad
Stoßtruppen Squad
Stoßtruppen Squad
Selects Stoßtruppen Assault Package
Stoßtruppen Squad
Selects Raid Package
Stoßtruppen Squad
251 Medium Carrier
Selects 8 Rad Armored Car
Selects UNKNOWN (2160084)
Panther Heavy Tank
Panther Heavy Tank
Support Elements
Panzer Officer Quarters
skandrausis
Spicywolf
matjouz
Sarmynation
0
0
Comments
sign in to comment!
No comments posted yet!